 Dungeon Crawl Stone Soup version 0.21-a0-203-gb066a6e (webtiles) character file.

3363 namelastname112 the Digger (level 9, -11/74 HPs)
             Began as a Demigod Wanderer on Aug 19, 2017.
             Hit by a large rock thrown by a cyclops (17 damage)
             ... on level 9 of the Dungeon.
             The game lasted 00:18:33 (9481 turns).

namelastname112 the Digger (Demigod Wanderer)       Turns: 9481, Time: 00:18:34

Health: -11/74     AC:  7    Str: 15    XL:     9   Next: 45%
Magic:  11/23      EV: 15    Int: 19    God:
Gold:   370        SH:  2    Dex: 16    Spells: 17/21 levels left

rFire    + . .     SeeInvis .   j - +1 dagger (elec)
rCold    . . .     Gourm    .   (no shield)
rNeg     . . .     Faith    .   d - +0 robe
rPois    .         Spirit   .   E - +1 helmet
rElec    .         Reflect  +   l - +0 cloak
rCorr    .         Harm     .   (no gloves)
MR       .....                  (no boots)
Stlth    ++........             z - +2 amulet of reflection
HPRegen  0.22/turn              (no ring)
MPRegen  0.18/turn              (no ring)

@: no status effects
A: iridescent scales 1, dopey 1, fire resistance 1, high mp 1, evolution 1
a: no special abilities


You were on level 9 of the Dungeon.
You were hungry.

You visited 1 branch of the dungeon, and saw 9 of its levels.

You collected 370 gold pieces.

Inventory:

Hand Weapons
 j - a +1 dagger of electrocution (weapon)
Missiles
 g - 68 stones (quivered)
Armour
 d - a +0 robe (worn)
 l - a +0 cloak (worn)
 E - a +1 helmet (worn)
Jewellery
 z - a +2 amulet of reflection (around neck)
Wands
 b - a wand of lightning (4/15)
 e - a wand of random effects (21/48)
 o - a wand of disintegration (6/24)
 t - a wand of confusion (29/48)
 C - a wand of lightning (3/15)
Scrolls
 h - a scroll of enchant armour
 k - 3 scrolls of remove curse
 q - a scroll of blinking
 v - a scroll of noise {unknown}
 y - a scroll of random uselessness {unknown}
 A - a scroll of enchant weapon {unknown}
 D - a scroll of recharging {unknown}
Potions
 c - a potion of resistance
 i - 2 potions of haste
 m - a potion of agility {unknown}
 n - 2 potions of curing
 p - 3 potions of lignification
 s - a potion of degeneration {unknown}
 u - a potion of might {unknown}
 x - a potion of ambrosia
 B - 2 potions of brilliance {unknown}
Books
 a - a book of Geomancy

   Spells                             Type                      Level
   a - Sandblast                      Earth                        1
   b - Passwall                       Transmutation/Earth          2
   c - Stone Arrow                    Conjuration/Earth            3
   d - Petrify                        Transmutation/Earth          4
   e - Lee's Rapid Deconstruction     Earth                        5
Comestibles
 f - 9 bread rations
 r - a royal jelly
 w - 3 meat rations
 G - a fruit


   Skills:
 + Level 5.5 Fighting
 + Level 5.1 Dodging
 - Level 2.1 Stealth
 * Level 6.8 Spellcasting
   Level 1.0 Necromancy
   Level 1.7 Transmutations
 * Level 7.1 Earth Magic
 - Level 1.0 Evocations


You had 17 spell levels left.
You knew the following spells:

 Your Spells              Type           Power        Failure   Level  Hunger
c - Stone Arrow           Conj/Erth      ###...       7%          3    #......
z - Sandblast             Erth           ####..       1%          1    None


Dungeon Overview and Level Annotations

Branches:
Dungeon (9/15)             Temple (0/1) D:6
   Lair: D:8-11         Orc: D:9-12

Annotations:
D:8 Kidiri's ghost, novice DEFE


Innate Abilities, Weirdness & Mutations

You have an increased reservoir of magic. (+10% MP)
You are partially covered in iridescent scales. (AC +2)
You are dopey. (Int -2)
Your flesh is heat resistant. (rF+)
You evolve.


Message History

Aiming: Stone Arrow
Press: ? - help, Shift-Dir - straight line, f/p - ice beast
Aim: an ice beast (moderately wounded)
The stone arrow misses the ice beast.
You now have 8/23 mp.
The ice beast hits you.
* * * LOW HITPOINT WARNING * * *
The ice beast freezes you!
* * * LOW HITPOINT WARNING * * *
You take 14 damage, and have 3/74 hp.
You see here an enchanted short sword.
Things that are here:
a dire flail; a chain mail
Items here: ( )) † a shortbow; 12 arrows; a whip; an orc corpse You see here 2 arrows.
A cyclops comes into view.
The cyclops shouts!
The cyclops throws a large rock.
The large rock hits you!
You die...

.#.......#....#.....'......#.....
.#.[.....######.....#####..#...).
.#...<.....o............####.....
.#........#######..........c.....
.####.....#.....#..(...........##
....#.(...#.....#......o.Yolo..#.
....#######.....##############'#)
..................Y.()..)).....))
................@###########.....
.................# #.....
.................# #.....
....#####........# #..... ....#
+........######+####..... ....#
#........................ ....#
#..........)............. ....#
#.C...................... ....#
#......#########..#####..


You could see a cyclops and an ice beast.

Vanquished Creatures
  The ghost of anything the Covert, a novice OpAs of Ru (D:9)
  Prince Ribbit (D:7)
  A black bear (D:8)
  An orc warrior (D:9)
  2 sky beasts (D:7)
  An ice beast (D:6)
  2 necrophages
  2 phantoms (D:5)
  4 ogres
  2 centaurs (D:9)
  3 bullfrogs
  A scorpion (D:6)
  2 jellies
  A killer bee (D:8)
  2 howler monkeys
  4 crimson imps
  A quasit (D:6)
  3 orc priests
  A bullfrog skeleton (D:4)
  An iguana (D:9)
  9 orc wizards
  3 worker ants
  A killer bee zombie (D:8)
  3 gnolls (D:5)
  2 worker ant zombies
  A river rat (D:5)
  7 adders
  A shadow imp (D:5)
  2 oozes
  2 adder zombies (D:5)
  4 adder skeletons
  4 worms
  The ghost of p0werm0de the Skirmisher, a weakling DsFi (D:3)
  5 dart slugs
  8 leopard geckos
  28 orcs
  4 ball pythons
  2 giant cockroaches
  4 goblins
  3 hobgoblins
  5 jackals
  7 kobolds
  A quokka (D:7)
  6 bats
  3 frilled lizards
  A quokka zombie (D:6)
  7 rats
160 creatures vanquished.

Vanquished Creatures (others)
  2 orc wizards
2 creatures vanquished.

Grand Total: 162 creatures vanquished

Notes
Turn   | Place    | Note
-------+----------+-------------------------------------------
     0 | D:1      | namelastname112 the Demigod Wanderer began the quest for the Orb.
     0 | D:1      | namelastname112 set off with: a book of Geomancy, a +0 spear, the Volume of the Mountains, a +0 robe, a +0 dagger, a bread ration
     0 | D:1      | Reached XP level 1. HP: 17/17 MP: 5/5
     2 | D:1      | epen: Я вот кстати никогда не понимал политику близов
     2 | D:1      | Identified the Volume of the Mountains
     4 | D:1      | Learned a level 1 spell: Sandblast
     9 | D:1      | epen: одна дека ебет пол ладера
    59 | D:1      | epen: а им хоть бы хуй
    93 | D:1      | Reached skill level 1 in Dodging
   435 | D:1      | epen: они вводят нерфы на чарж вара
   437 | D:1      | Reached XP level 2. HP: 24/24 MP: 0/7
   756 | D:1      | epen: потому что видите ли комбо ворген
   865 | D:1      | namelastname112: видос недавно видео
   865 | D:1      | namelastname112: там дядя хорошо говорит
   865 | D:1      | namelastname112: что надо убрать нахуй иннервейт просто
   980 | D:1      | epen: А
  1040 | D:1      | epen: Рейнад
  1166 | D:2      | epen: я комменты читал в паблосе
  1205 | D:2      | epen: и там оправдывали мол
  1301 | D:2      | You fall through a shaft!
  1329 | D:3      | epen: хорошая карта у друида
  1366 | D:3      | epen: друид и так всегда сосал
  1366 | D:3      | Reached XP level 3. HP: 29/29 MP: 1/8
  1383 | D:3      | epen: и т.д.
  1522 | D:2      | epen: И я блять готов им нахуй на лица ссать
  1522 | D:2      | namelastname112: лол
  1522 | D:2      | namelastname112: вот я полгода играю
  1522 | D:2      | namelastname112: и чето не вижу
  1522 | D:2      | namelastname112: чтобы он сосал
  1569 | D:2      | epen: вспомнить блять
  1673 | D:2      | epen: комбо жруид на пеньках
  1736 | D:2      | epen: бист друид
  1746 | D:2      | Reached skill level 1 in Earth Magic
  1791 | D:2      | epen: токег
  1798 | D:2      | epen: и теперь таунт нахуй
  2071 | D:3      | epen: я бы как инверейт поменял
  2141 | D:3      | epen: пускай он кристалы восполняет
  2170 | D:3      | epen: а не добавляет
  2347 | D:3      | Reached XP level 4. HP: 25/36 MP: 10/10
  2430 | D:2      | namelastname112: отдать иннервейт роге
  2456 | D:2      | epen: у роги преп
  2516 | D:2      | epen: и если отдать роге иннервейт то нахуй ванклиф охуеет
  2567 | D:2      | namelastname112: сука блять
  2567 | D:2      | namelastname112: сижу с орком в крипт оф зэ некродансер играю
  2743 | D:2      | epen: слыш
  2747 | D:2      | Learned a level 3 spell: Stone Arrow
  2747 | D:2      | epen: дай дейлик сделаю на тебе
  2770 | D:3      | epen: а то мне в лом играть
  2797 | D:3      | namelastname112: ну го
  2887 | D:3      | epen: а я редбул купил
  3009 | D:3      | Noticed p0werm0de's ghost (weakling DsFi)
  3011 | D:3      | epen: надо короче не в магаз ходить
  3012 | D:3      | epen: а на заправку
  3020 | D:3      | epen: там больше интересного
  3025 | D:3      | Killed p0werm0de's ghost
  3170 | D:3      | namelastname112: шлюхи есть?
  3548 | D:4      | Reached skill level 2 in Earth Magic
  3548 | D:4      | Reached XP level 5. HP: 39/42 MP: 10/12
  3864 | D:4      | Noticed an ogre
  3864 | D:4      | Noticed an ogre
  3884 | D:4      | Killed an ogre
  3884 | D:4      | Reached XP level 6. HP: 51/51 MP: 8/14
  4024 | D:4      | Reached skill level 3 in Earth Magic
  4091 | D:5      | Entered Level 5 of the Dungeon
  4161 | D:4      | HP: 1/51 [worker ant (6)]
  4373 | D:5      | Reached XP level 7. HP: 28/56 MP: 9/16
  4506 | D:5      | HP: 1/56 [ogre/giant club (22)]
  5160 | D:5      | epen: не
  5201 | D:5      | epen: Не встречал
  5239 | D:5      | epen: Встретил только пару ебанутых парней которые предложили забрать меня с собой бухать
  5241 | D:5      | Reached skill level 4 in Earth Magic
  5677 | D:5      | namelastname112: сходил бы
  5677 | D:5      | namelastname112: развеялся
  6615 | D:6      | Reached XP level 8. HP: 65/65 MP: 11/18
  6694 | D:6      | Reached skill level 5 in Spellcasting
  6784 | D:6      | Found a staircase to the Ecumenical Temple.
  7080 | D:7      | Noticed Prince Ribbit
  7093 | D:7      | Killed Prince Ribbit
  7093 | D:7      | Reached skill level 5 in Earth Magic
  7229 | D:7      | Gained mutation: Your body sometimes deteriorates upon taking damage. [mutagenic meat]
  7230 | D:7      | Lost mutation: Your body sometimes deteriorates upon taking damage. [mutagenic meat]
  7231 | D:7      | Gained mutation: You expend magic power (3 MP) to strengthen your wands. [mutagenic meat]
  7232 | D:7      | Gained mutation: Your flesh is heat resistant. (rF+) [mutagenic meat]
  7233 | D:7      | Gained mutation: You are dopey. (Int -2) [mutagenic meat]
  7237 | D:7      | Found a white marble altar of Elyvilon.
  7259 | D:7      | Lost mutation: You expend magic power (3 MP) to strengthen your wands. [mutagenic meat]
  7260 | D:7      | Gained mutation: You are partially covered in iridescent scales. (AC +2) [mutagenic meat]
  7261 | D:7      | Gained mutation: You evolve. [mutagenic meat]
  8184 | D:7      | Reached skill level 6 in Earth Magic
  8347 | D:8      | Reached XP level 9. HP: 64/73 MP: 7/22
  8550 | D:8      | Noticed Kidiri's ghost (novice DEFE)
  8557 | D:8      | Reached skill level 5 in Fighting
  8720 | D:9      | Noticed anything's ghost (novice OpAs)
  8739 | D:9      | Killed anything's ghost
  9205 | D:9      | Reached skill level 5 in Dodging
  9216 | D:9      | epen: Если бы ты их увидел
  9334 | D:9      | epen: То понял бы, что они собираются бухать что-то в духе
  9339 | D:9      | epen: незамерзайки
  9340 | D:9      | epen: или соляры
  9375 | D:9      | namelastname112: соляру бухать
  9375 | D:9      | namelastname112: хуя ты выдумщик
  9408 | D:9      | Reached skill level 7 in Earth Magic
  9437 | D:9      | epen: https://otvet.mail.ru/question/66998171
  9470 | D:9      | HP: 3/74 [ice beast (12)]
  9481 | D:9      | Noticed a cyclops
  9481 | D:9      | Hit by a large rock thrown by a cyclops

Vault maps used:
D:1:      dpeg_arrival_refuge
D:2:      serial_corexii_hall, corexii_hall_statues_deadend,
          corexii_hall_statues_l, first_bread, minmay_hedge_maze,
          minmay_octomino_e4
D:4:      kennysheep_generic_room_6
D:5:      gup_sewer_entry_spiral
D:6:      minmay_temple_entry_grid
D:7:      elyvilon_altar_4, uniq_prince_ribbit1
D:8:      serial_ice, serial_ice_c, serial_ice_o, serial_ice_a, serial_ice_k
D:9:      david_orc_4

Skill      XL: |  1  2  3  4  5  6  7  8  9 |
---------------+----------------------------+-----
Dodging        | 1 2 3 4 5 |  5.1
Stealth        | 2 |  2.1
Fighting       | 2 3 4 5 |  5.5
Spellcasting   | 2 3 4 6 |  6.8
Earth Magic    | 1 2 3 4 6 7 |  7.1
Necromancy     | |  1.0
Transmutations | |  1.7
Evocations     | |  1.0

Action                   |  1- 3 |  4- 6 |  7- 9 || total
-------------------------+-------+-------+-------++-------
Melee: Spear             |    91 |    15 |       ||   106
       Dagger            |       |   108 |   281 ||   389
 Cast: Sandblast         |    51 |     6 |     6 ||    63
       Stone Arrow       |       |     8 |    86 ||    94
Evoke: Wand              |       |       |     3 ||     3
  Use: Scroll            |       |     8 |     6 ||    14
       Potion            |       |     3 |     1 ||     4
 Stab: Sleeping          |     4 |     2 |     4 ||    10
       Distracted        |     1 |       |       ||     1
  Eat: Chunk             |     4 |     3 |    27 ||    34
       Meat ration       |     1 |       |       ||     1
       Bread ration      |       |       |     1 ||     1
Armor: Robe              |    18 |    29 |    91 ||   138
Dodge: Dodged            |    79 |    94 |   241 ||   414
Block: Other             |       |       |     9 ||     9
